 Dungeon Crawl Stone Soup version 0.26.1-11-gd32895ea62 (webtiles) character file.

Game seed: 10362561330039663409

263 vvl the Ruffian (level 5, -1/45 HPs)
             Began as a Draconian Transmuter on July 7, 2021.
             Slain by a bullfrog skeleton (5 damage)
             ... on level 5 of the Dungeon.
             The game lasted 00:05:22 (3721 turns).

vvl the Ruffian (Draconian Transmuter)              Turns: 3721, Time: 00:05:22

Health: -1/45      AC:  5    Str: 13    XL:     5   Next: 97%
Magic:  7/8        EV: 12    Int: 13    God:
Gold:   158        SH:  0    Dex: 12    Spells: 7/8 levels left

rFire    + . .     SeeInvis .     - Unarmed
rCold    . . .     Faith    .   (no shield)
rNeg     . . .     Spirit   .   (armour unavailable)
rPois    +         Reflect  .   (helmet currently unavailable)
rElec    .         Harm     .   (no cloak)
rCorr    .         Rampage  .   (no gloves)
Will     .....                  (boots currently unavailable)
Stlth    +.........             (no amulet)
HPRegen  0.15/turn              q - ring of poison resistance
MPRegen  0.11/turn              o - ring of protection from fire

@: appendages
A: unfitting armour, horns 2, talons 2, cold-blooded, AC +5
a: End Transformation


You were on level 5 of the Dungeon.
You had grown temporary horns.
You had grown temporary talons.
You visited 1 branch of the dungeon, and saw 5 of its levels.

You collected 158 gold pieces.

Inventory:

Armour
 e - a +2 hat (melded)
Jewellery
 o - a ring of protection from fire (right hand)
 q - a ring of poison resistance (left hand)
 t - a cursed ring of teleportation {unknown}
Wands
 n - a wand of random effects (26)
 p - a wand of acid (7)
Scrolls
 a - a scroll of noise {unknown}
 b - a scroll of enchant armour {unknown}
 f - 3 scrolls of enchant weapon {unknown}
 g - 5 scrolls of remove curse {unknown}
 i - 4 scrolls of amnesia {unknown}
 k - 5 scrolls of identify {unknown}
 l - a scroll of random uselessness {unknown}
 m - 2 scrolls of immolation {unknown}
 r - a scroll of magic mapping {unknown}
 s - 2 scrolls of teleportation {unknown}
Potions
 c - a potion of heal wounds {unknown}
 d - 2 potions of magic {unknown}
 h - a potion of might {unknown}
 j - 4 potions of curing {unknown}


   Skills:
 + Level 3.0 Fighting
 - Level 1.7 Dodging
 * Level 4.7 Unarmed Combat
 - Level 2.0 Spellcasting
 * Level 4.2 Transmutations


You had 7 spell levels left.
You knew the following spells:

 Your Spells              Type           Power        Failure   Level
a - Beastly Appendage     Tmut           24%          4%          1

Your spell library contained the following spells:

 Spells                   Type           Power        Failure   Level
 Wereblood                Tmut           12%          7%          2
 Spider Form              Tmut/Pois      3%           32%         3
 Confusing Touch          Hex            1%           58%         3
 Gell's Gravitas          Tloc           0%           58%         3
 Ice Form                 Ice/Tmut       6%           71%         4
 Petrify                  Tmut/Erth      6%           71%         4
 Blade Hands              Tmut           6%           77%         5
 Yara's Violent Unravell  Hex/Tmut       3%           96%         5
 Metabolic Englaciation   Hex/Ice        0%           100%        5


Dungeon Overview and Level Annotations

Branches:
Dungeon (5/15)
 Temple: D:4-7

Altars:
Ashenzari
Xom


Innate Abilities, Weirdness & Mutations

Your plain brown scales are hard. (AC +5)
You cannot fit into any form of body armour.
You are cold-blooded and may be slowed by cold attacks.
You have a pair of horns on your head.
You have razor-sharp toenails.


Message History

You climb downwards.
An ufetubus, a zombie and a skeleton come into view.
The ufetubus shouts!
Found a ring mail, a rapier, 20 stones and a silvery potion.
Found a stone staircase leading down.
There is a stone staircase leading up here.
You are too injured to fight recklessly!
Casting: Beastly Appendage (safe; 4% risk of failure)
Confirm with . or Enter, or press ? or * to list all spells.
You grow a pair of large bovine horns.
Your feet morph into talons.
Your +2 hat melds into your body.
The orc hits you but does no damage.
You hit the orc. You claw the orc, but do no damage.
You punch the orc, but do no damage.
The orc is heavily wounded.
You closely miss the orc. You claw the orc.
You kill the orc!
The bullfrog zombie misses you.
The bullfrog zombie hits you but does no damage.
The bullfrog skeleton hits you.
You die...

.(.. #.#. ##...
#####...> .#
!........## ..
..........##)#
......##<)..#
###..Z5..[###
#....@......#
......#.Z.....#
..#.. #.......#
..# #.#.#.....
.. #........##
. #...#!....
..........
..### #.


You could see an ufetubus, a bullfrog zombie and a bullfrog skeleton.

Vanquished Creatures
  A scorpion (D:4)
  2 orc priests
  2 worker ants
  4 adders
  2 worms (D:2)
  4 leopard geckos
  5 orcs
  A ball python (D:2)
  4 giant cockroaches
  5 goblins
  5 hobgoblins
  8 jackals
  A quokka (D:3)
  5 bats
  6 frilled lizards
  4 kobolds
  A leopard gecko skeleton (D:4)
  6 rats
66 creatures vanquished.

Notes
Turn   | Place    | Note
-------+----------+-------------------------------------------
     0 | D:1      | vvl the Draconian Transmuter began the quest for the Orb.
     0 | D:1      | Reached XP level 1. HP: 16/16 MP: 3/3
   317 | D:1      | Reached XP level 2. HP: 22/23 MP: 5/5
  1444 | D:2      | Reached XP level 3. HP: 29/29 MP: 6/6
  1590 | D:2      | Reached XP level 4. HP: 27/36 MP: 7/7
  2287 | D:2      | Found a shimmering altar of Xom.
  2643 | D:3      | Reached XP level 5. HP: 36/42 MP: 6/8
  3157 | D:3      | Found a broken altar of Ashenzari.
  3709 | D:4      | HP: 2/45 [orc priest/divine providence (14)]
  3716 | D:5      | Entered Level 5 of the Dungeon
  3721 | D:5      | Slain by a bullfrog skeleton

Illustrated notes

Levels and vault maps discovered:
D:1:      dpeg_arrival_rhombi, layout_loops_ring
D:2:      layout_rooms, xom_butterflies
D:3:      layout_basic, cheibrodos_ashenzari_chains
D:4:      layout_rooms, st_stairs_3, chequers_serial_rivers_room_a, uniq_natasha
D:5:      layout_rooms, dancing_weapons_uskayaw, okawaru_trees_1,
          makhleb_blood_cavern_becter, hangedman_decor_lopped

Skill      XL: |  1  2  3  4  5 |
---------------+----------------+-----
Fighting       | 2 3 |  3.0
Transmutations | 3 4 |  4.2
Unarmed Combat | 4 |  4.7
Dodging        | |  1.7
Spellcasting   | |  2.0

Action                   |  1- 3 |  4- 6 || total
-------------------------+-------+-------++-------
Melee: Unarmed           |   117 |   151 ||   268
       Kick              |     8 |    19 ||    27
       Tailslap          |    10 |    16 ||    26
       Headbutt          |     7 |    12 ||    19
       Punch             |       |     1 ||     1
 Cast: Beastly Appendage |    10 |    17 ||    27
 Stab: Sleeping          |       |     1 ||     1
Armor: Skin              |    46 |    45 ||    91
Dodge: Dodged            |   115 |    97 ||   212
